 Dungeon Crawl Stone Soup version 0.28-a0-957-g42eb19b844 (webtiles) character file.

Game seed: 16015783779274619926

216 bande the Covered (level 5, -1/33 HPs)
             Began as a Gargoyle Fighter on Dec 1, 2021.
             Slain by an ufetubus (3 damage)
             ... summoned by Eustachio
             ... on level 4 of the Dungeon.
             The game lasted 00:04:16 (3240 turns).

bande the Covered (Gargoyle Fighter)                Turns: 3240, Time: 00:04:17

Health: -1/33      AC: 11    Str: 21    XL:     5   Next: 93%
Magic:  5/5        EV:  9    Int:  9    God:
Gold:   102        SH:  5    Dex:  9    Spells: 4/4 levels left

rFire   . . .      SeeInvis .   a - +0 war axe
rCold   . . .      Faith    .   c - +1 buckler
rNeg    + . .      Spirit   .   b - +0 scale mail
rPois   ∞          Reflect  .   (no helmet)
rElec   +          Harm     .   (no cloak)
rCorr   .          Rampage  .   (no gloves)
Will    .....                   (no boots)
Stlth   ..........              (no amulet)
HPRegen 0.11/turn               (no ring)
MPRegen 0.09/turn               (no ring)

@: no status effects
A: sickness immunity, AC +4, negative energy resistance 1, electricity
resistance, torment resistance 1, petrification resistance
a: no special abilities


You were on level 4 of the Dungeon.
You visited 1 branch of the dungeon, and saw 4 of its levels.

You collected 102 gold pieces.

Inventory:

Hand Weapons
 a - a +0 war axe (weapon)
Armour
 b - a +0 scale mail (worn)
 c - a +1 buckler (worn)
Scrolls
 g - 4 scrolls of identify
Potions
 d - a potion of might
 e - a potion of curing
 f - a potion of heal wounds
 h - 2 potions of haste


   Skills:
 + Level 4.1 Fighting
 + Level 3.9 Axes
 + Level 4.3 Armour
 - Level 0.1 Dodging
 + Level 4.0 Shields


You had 4 spell levels left.
You didn't know any spells.
Your spell library contained the following spells:

 Spells                   Type           Power      Damage    Failure   Level
 Ensorcelled Hibernation  Hex/Ice        0%         N/A       85%         2
 Passwall                 Tmut/Erth      0%         N/A       85%         2
 Spider Form              Tmut/Pois      0%         N/A       97%         3
 Swiftness                Air            0%         N/A       97%         3


Dungeon Overview and Level Annotations

Branches:
Dungeon (4/15)
 Temple: D:4-7

Altars:

Annotations:
D:4 Eustachio


Innate Abilities, Weirdness & Mutations

You are immune to sickness and miasma.
Your stone body is resilient. (AC +4)
You are immune to poison.
You resist negative energy. (rN+)
You are resistant to electric shocks. (rElec)
You are resistant to unholy torment.
You are immune to petrification.


Message History

The ufetubus hits you but does no damage. x2
The quasit bites you but does no damage.
You block the quasit's attack. The quasit completely misses you.
The ufetubus closely misses you. The ufetubus barely misses you.
Eustachio mumbles some strange words.
Eustachio blinks!
The quasit bites you but does no damage.
The quasit claws you but does no damage.
The quasit claws you.
You hit the ufetubus but do no damage. You hit the iron imp.
You barely miss the quasit.
The ufetubus hits you but does no damage.
You block the ufetubus's attack. The iron imp spits at you.
The iron imp barely misses you.
The quasit bites you but does no damage.
The quasit closely misses you.
The quasit claws you but does no damage.
The ufetubus hits you but does no damage. x2
The iron imp hits you! You block Eustachio's attack. The iron imp hits you.
* * * LOW HITPOINT WARNING * * *
You slash Eustachio!
Eustachio is moderately wounded.
You barely miss the quasit. You barely miss the iron imp.
You barely miss the ufetubus. You block the ufetubus's attack.
The ufetubus closely misses you. Eustachio barely misses you.
You block the quasit's attack. The quasit barely misses you. x2
The ufetubus hits you but does no damage.
You block the ufetubus's attack. The iron imp hits you!
* * * LOW HITPOINT WARNING * * *
Eustachio barely misses you. The quasit closely misses you.
The quasit claws you but does no damage. x2
You miss Eustachio.
Eustachio is moderately wounded.
You hit the quasit but do no damage. You hit the iron imp.
You hit the ufetubus.
The ufetubus hits you but does no damage.
The ufetubus hits you.
You die...

#..#.......
#######.#.......
#####....##......)..
#........###........
#...................
#.......#....#......
#...................
#..@........#.......
#..@5....###..>.....
#..55....# #.##.#...
#........# #.##.#...
######...# .##.#...
#.### .# #... #..
####


You could see Eustachio, an iron imp (summoned), a quasit (summoned) and an
ufetubus (summoned).

Vanquished Creatures
  An iguana (D:3)
  2 orc wizards (D:3)
  A hound skeleton (D:4)
  5 adders
  2 worms
  6 orcs (D:3)
  2 bats (D:3)
  7 endoplasms
  A giant cockroach (D:3)
  9 goblins
  9 hobgoblins
  2 jackals (D:3)
  2 quokkas (D:2)
  8 ball pythons
  2 frilled lizards
  3 kobolds
  5 rats
67 creatures vanquished.

Notes
Turn   | Place    | Note
-------+----------+-------------------------------------------
     0 | D:1      | bande the Gargoyle Fighter began the quest for the Orb.
     0 | D:1      | Reached XP level 1. HP: 14/14 MP: 1/1
   203 | D:1      | Reached XP level 2. HP: 19/19 MP: 2/2
   891 | D:2      | Reached XP level 3. HP: 23/23 MP: 3/3
  1208 | D:2      | You fall into a shaft and drop 1 floor!
  1298 | D:3      | Reached XP level 4. HP: 25/29 MP: 4/4
  2183 | D:3      | Reached XP level 5. HP: 33/33 MP: 5/5
  2663 | D:3      | Found a faded altar of an unknown god.
  3227 | D:4      | Noticed Eustachio
  3240 | D:4      | Slain by an ufetubus

Illustrated notes

Levels and vault maps discovered:
D:1:      matt_arrival_los_fun, layout_loops_cross
D:2:      layout_basic, nrook_loot_triangle
D:3:      layout_rooms, dreamdust_ecumenical_altar_sealed_demon,
          kennysheep_minor_cross, grunt_ministairs_1
D:4:      layout_basic, uniq_eustachio

Skill      XL: |  1  2  3  4  5 |
---------------+----------------+-----
Axes           | 2 3 |  3.9
Fighting       | 4 |  4.1
Armour         | 4 |  4.3
Shields        | 4 |  4.0
Dodging        | |  0.1

Action                   |  1- 3 |  4- 6 || total
-------------------------+-------+-------++-------
Melee: War axe           |    74 |   132 ||   206
  Use: Scroll            |       |     8 ||     8
       Potion            |       |     1 ||     1
Armor: Scale mail        |    34 |   124 ||   158
Dodge: Dodged            |    31 |    69 ||   100
Block: Buckler           |    19 |    35 ||    54

Table legend: (Time is in decaauts)
 A = Elapsed time spent in this place.
 B = Non-inter-level travel time spent in this place.
 C = Inter-level travel time spent in this place.
 D = Time resting spent in this place.
 E = Time spent auto-exploring this place.
 F = Levels seen in this place.
 G = Mean time per level.
                   A        B        C        D        E       F      G
               +--------+--------+--------+--------+--------+-----+--------+
         Total |   3314 |   3206 |    108 |    286 |   2368 |   4 |  828.5 |
       Dungeon |   3314 |   3206 |    108 |    286 |   2368 |   4 |  828.5 |
               +--------+--------+--------+--------+--------+-----+--------+

Top non-repeatable levels by time:
     D:2: 1195 daAuts
     D:3: 1107 daAuts
     D:1: 787 daAuts
     D:4: 224 daAuts
